 Dungeon Sprint DCSS version 0.17-a0-1337-ge651487 (webtiles) character file.

107 Kidiri the Covert (level 4, 0/21 HPs)
             Began as a Spriggan Earth Elementalist on June 10, 2015.
             Succumbed to a worker ant's poison
             ... in the Dungeon (Sprint II: "The Violet Keep of Menkaure").
             The game lasted 00:03:18 (517 turns).

Kidiri the Covert (Spriggan Earth Elementalist)      Turns: 517, Time: 00:03:18

Health: 0/21       AC:  2    Str:  4    XL:     4   Next: 56%
Magic:  3/13       EV: 21    Int: 17    God:
Gold:   243        SH:  0    Dex: 16    Spells: 4 memorised, 7 levels left

rFire  . . .     SeeInvis +     (weapon restricted)
rCold  . . .     Clarity  .     b - +0 robe
rNeg   . . .     SustAt   .     (shield restricted)
rPois  .         Gourm    .     (helmet restricted)
rElec  .         Spirit   .     (no cloak)
rCorr  .         Warding  .     (gloves unavailable)
rMut   .         NoTele   +     (boots unavailable)
MR     .....                    (no amulet)
Stlth  +++++.....               (no ring)
                                (no ring)

@: lethally poisoned (0 -> -2), exhausted, very slightly contaminated, slowed,
quick, not resistant to hostile enchantments, quite stealthy
A: unfitting armour, see invisible, herbivore 3, speed 3, slow metabolism 2
a: no special abilities


You were in the Dungeon.
You were not hungry.

You visited 1 branch You collected 243 gold pieces.

Inventory:

Missiles
 a - 3 stones (quivered)
Armour
 b - a +0 robe (worn)
Scrolls
 j - a scroll of blinking
Books
 c - a book of Geomancy

   Spells                             Type                      Level
   a - Sandblast                      Earth                        1
   b - Stoneskin                      Transmutation/Earth          2
   c - Passwall                       Transmutation/Earth          3
   d - Stone Arrow                    Conjuration/Earth            3
   e - Petrify                        Transmutation/Earth          4
   f - Lee's Rapid Deconstruction     Earth                        5
Comestibles
 d - a bread ration


   Skills:
 + Level 6.2 Dodging
 * Level 8.9 Stealth
 * Level 6.6 Spellcasting
 - Level 1.3 Transmutations
 + Level 4.2 Earth Magic


You had 7 spell levels left.
You knew the following spells:

 Your Spells              Type           Power        Failure   Level  Hunger
a - Sandblast             Erth           ###...       2%          1    None
b - Stoneskin             Trmt/Erth      ###.....     10%         2    None
c - Passwall              Trmt/Erth      ###.......   14%         3    ##.....
d - Stone Arrow           Conj/Erth      ##....       17%         3    ##.....


Dungeon Overview and Level Annotations

Branches:
Dungeon (1/1)

Altars:


Innate Abilities, Weirdness & Mutations

You are tiny and cannot use many weapons and most armour.
You have supernaturally acute eyesight.
You are a herbivore.
You cover ground extremely quickly.
You need consume almost no food.


Message History

You feel a strong urge to attack something.
There is an open door here.
You feel your anger subside.
You are no longer berserk.
You are exhausted.
You feel yourself slow down.
* * * LOW HITPOINT WARNING * * *
You feel sick.
You close the door.
There is a lethal amount of poison in your body!
There is a lethal amount of poison in your body!
* * * LOW HITPOINT WARNING * * *
You feel sick.
* * * LOW HITPOINT WARNING * * *
You feel sick.
Your extra speed is starting to run out.
* * * LOW HITPOINT WARNING * * *
You feel sick.
You feel yourself slow down.
You die...

§≈§§§ §≈; ;;;
#≈≈#+++#+++##
≈≈≈.........#
##'## ##.#†##
#..##.# #
##.@### # #.
##+# .##
#..##.##...#
#†.<.+$#
#.a##.##.m.#
#. #+# .## #
$#. # H# #H
## ##


There were no monsters in sight!

Vanquished Creatures
  4 worker ants (D)
  3 worms (D)
7 creatures vanquished.

Notes
Turn   | Place    | Note
--------------------------------------------------------------
     0 | D        | Kidiri the Spriggan Earth Elementalist began the quest for the Orb.
     0 | D        | Reached XP level 1. HP: 9/9 MP: 5/5
     6 | D        | Noticed a hippogriff
     6 | D        | Noticed a hippogriff
    10 | D        | Noticed a siren
    14 | D        | Noticed a worker ant
    14 | D        | Noticed a worker ant
    14 | D        | Noticed a worker ant
    14 | D        | Noticed a worker ant
    23 | D        | Reached skill level 4 in Stealth
   263 | D        | Noticed an electric eel
   263 | D        | Noticed an electric eel
   263 | D        | Noticed an electric eel
   263 | D        | Noticed an electric eel
   263 | D        | Noticed an electric eel
   264 | D        | Noticed an electric eel
   264 | D        | Noticed an electric eel
   268 | D        | Reached skill level 5 in Stealth
   268 | D        | Reached XP level 2. HP: 13/13 MP: 4/7
   272 | D        | Learned a level 2 spell: Stoneskin
   307 | D        | Killed a worker ant
   307 | D        | Reached skill level 6 in Stealth
   307 | D        | Reached XP level 3. HP: 9/16 MP: 2/10
   376 | D        | Learned a level 3 spell: Passwall
   380 | D        | Learned a level 3 spell: Stone Arrow
   451 | D        | Killed a worker ant
   451 | D        | Reached skill level 5 in Dodging
   451 | D        | Reached skill level 7 in Stealth
   451 | D        | Reached skill level 5 in Spellcasting
   472 | D        | Killed a worker ant
   472 | D        | Reached skill level 8 in Stealth
   472 | D        | Reached XP level 4. HP: 19/21 MP: 0/13
   496 | D        | Killed a worker ant
   513 | D        | HP: 1/21 [poisoned by a worker ant]
   517 | D        | Succumbed to a worker ant's poison

Vault maps used:
D:        the_violet_keep_of_menkaure

Action                   |  1- 3 |  4- 6 || total
-------------------------+-------+-------++-------
Melee: Unarmed           |     3 |    19 ||    22
 Cast: Sandblast         |    17 |     3 ||    20
       Stone Arrow       |     4 |       ||     4
  Use: Potion            |     3 |     3 ||     6
